 Dungeon Sprint DCSS version 0.31-a0-142-g31f6795574 (webtiles) character file.

Game seed: 1037793250622350875

344 Conn the Arsonist (level 6, 0/36 HPs)
             Began as an Octopode Fire Elementalist on June 3, 2023.
             Was an Initiate of Sif Muna.
             Slain by a polar bear (12 damage)
             ... in the Dungeon (Sprint II: "The Violet Keep of Menkaure").
             The game lasted 00:02:36 (333 turns).

Conn the Arsonist (Octopode Fire Elementalist)       Turns: 333, Time: 00:02:37

Health: 0/36       AC:  1    Str:  7    XL:     6   Next: 58%
Magic:  8/13       EV: 15    Int: 19    God:    Sif Muna [......]
Gold:   243        SH:  0    Dex: 13    Spells: 5/15 levels left

rFire   . . .        (no weapon)
rCold   . . .        (no shield)
rNeg    . . .        (helmet restricted)
rPois   .            (no amulet)
rElec   .            (no ring)
rCorr   .            (no ring)
SInv    .            (no ring)
Will    .....        (no ring)
Stlth   ++++         (no ring)
HPRegen 0.26/turn    (no ring)
MPRegen 0.13/turn    (no ring)
                     (no ring)

%: no teleportation
@: no status effects
A: almost no armour, amphibious, 8 rings, camouflage 1, gelatinous body 1,
(nimble swimmer 1), tentacles
a: Renounce Religion


You were in the Dungeon.
You worshipped Sif Muna.
Sif Muna was noncommittal.
You visited 1 branch You collected 243 gold pieces.

Inventory:

Scrolls
 f - a scroll of blinking
Potions
 a - 2 potions of magic
 b - a potion of curing


   Skills:
 + Level 0.2 Fighting
 * Level 6.2 Dodging
 + Level 5.6 Stealth
 + Level 5.0 Spellcasting
 * Level 5.5 Conjurations
 + Level 9.3 Fire Magic


You had 5 spell levels left.
You knew the following spells:

 Your Spells              Type           Power      Damage    Failure   Level
a - Foxfire               Conj/Fire      100%       2x1d9     1%          1
b - Scorch                Fire           80%        2d8       1%          2
c - Inner Flame           Hex/Fire       22%        N/A       5%          3
d - Flame Wave            Conj/Fire      33%        2d10      6%          4

Your spell library contained the following spells:

 Spells                   Type           Power      Damage    Failure   Level
 Volatile Blastmotes      Fire/Tloc      44%        2d13      5%          3


Dungeon Overview and Level Annotations

Branches:
Dungeon (1/1)

Altars:
Cheibriados
Dithmenos
Elyvilon
Fedhas
Gozag
Hepliaklqana
Kikubaaqudgha
Makhleb
Nemelex Xobeh
Okawaru
Qazlal
Ru
Sif Muna
Trog
Uskayaw
Vehumet
Wu Jian
Xom
Yredelemnul
Zin
The Shining One
Jiyva
Lugonu


Innate Abilities, Weirdness & Mutations

You cannot wear most types of armour.
You are amphibious.
You can wear up to eight rings at the same time.
Your skin changes colour to match your surroundings (Stealth+).
Your rubbery body absorbs attacks. (AC +1, EV +1)
((You are camouflaged when in or above water. (Stealth+)))
You have tentacles for arms and can constrict up to eight enemies at once.


Message History

Press: ? - help, Dir - move target, f - hornet
Aim: a hornet (chance to affect: 71%)
The hornet struggles to resist.
The polar bear bites you! The polar bear claws you. The polar bear misses you.
Unknown command.
Casting: Inner Flame (dangerous; 5% risk of failure)
Confirm with . or Enter, or press ? or * to list all spells.
Aiming: Inner Flame (dangerous; 5% risk of failure)
Press: ? - help, Dir - move target, f/p - hornet
Aim: a hornet (chance to affect: 71%)
The hornet is filled with an inner flame.
The polar bear bites you! The polar bear claws you.
* * * LOW HITPOINT WARNING * * *
The polar bear claws you.
* * * LOW HITPOINT WARNING * * *
You feel much better. The polar bear misses you.
The polar bear completely misses you. The polar bear barely misses you.
Casting: Inner Flame (dangerous; 5% risk of failure)
Confirm with . or Enter, or press ? or * to list all spells.
The spell is quite dangerous to miscast (6% risk of failure)!
Continue anyway?
Okay, then.
Magic courses through your body. The polar bear closely misses you.
The polar bear claws you. x2
Casting: Flame Wave (quite dangerous; 6% risk of failure)
Confirm with . or Enter, or press ? or * to list all spells.
The spell is quite dangerous to miscast (6% risk of failure)!
Continue anyway?
Casting: Flame Wave (quite dangerous; 6% risk of failure)
Press: ? - help, Dir - look around, f - activate A wave of flame ripples out!
The flame wave engulfs the polar bear!
The polar bear is moderately wounded. (Press . to intensify the flame waves.)
You hear an angry growl.
The polar bear bites you. The polar bear claws you.
The polar bear barely misses you.
A wave of flame ripples out!
The flame wave engulfs the polar bear!
The polar bear is moderately wounded.
The flame wave engulfs the polar bear.
The polar bear is lightly wounded.
The polar bear bites you!
You die...

.. .#### +^### °▓[)[[)($[▓▓ ...#
...# ##▓)$$??=?!▓▓ ###..## #..#
$#▓!!:|[():▓▓ +###.##..# +..#
y#▓![([:$$[▓▓ .##...#..# #..#
h#▓$(!|[$[$▓▓
<.†.##'..####..##h#▓)($?!!)$▓▓
.##...#...§###.§@##▓▓▓▓▓▓▓+▓▓▓▓+
+###.##......~§§§§§~~~~~~~...Xw≈
###~~.§...~#+########+###.ww≈
#~§~~~§~..~#.._._._.#SS§# ≈
#~~§~~~§~.~#._._._..#S§§≈#
#~~~≈≈≈~~~~~#_._._._.#§§§§≈#
~~~~§~§≈§§~~~#._._._._#§§~≈§≈
+++#§§§≈≈≈§≈§#.._._._.#~~~~§≈
##≈§§###≈≈#..._._._#~~~§≈§


You could see 2 polar bears and a hornet (inner flame).

Vanquished Creatures
  A water moccasin (D)
  4 necrophages (D)
5 creatures vanquished.

Vanquished Creatures (others)
  13 foxfires (D)
  20 tentacles (D)
33 creatures vanquished.

Grand Total: 38 creatures vanquished

Notes
Turn   | Place    | Note
-------+----------+-------------------------------------------
     0 | D        | Conn the Octopode Fire Elementalist began the quest for the
                  | Orb.
     0 | D        | Reached XP level 1. HP: 11/11 MP: 3/3
     1 | D        | Noticed a necrophage
     1 | D        | Noticed a necrophage
     1 | D        | Noticed a necrophage
     1 | D        | Noticed a necrophage
     5 | D        | Killed a necrophage
     6 | D        | Reached skill level 5 in Fire Magic
     6 | D        | Reached XP level 2. HP: 17/17 MP: 4/6
     6 | D        | Reached XP level 3. HP: 21/21 MP: 4/7
     8 | D        | Killed a necrophage
     9 | D        | Reached skill level 6 in Fire Magic
     9 | D        | Reached XP level 4. HP: 27/27 MP: 4/9
     9 | D        | Reached XP level 5. HP: 31/31 MP: 4/10
    14 | D        | Reached skill level 5 in Dodging
    14 | D        | Reached skill level 7 in Fire Magic
    17 | D        | Reached skill level 5 in Stealth
    17 | D        | Reached skill level 8 in Fire Magic
    17 | D        | Reached XP level 6. HP: 36/36 MP: 4/12
    23 | D        | Learned a level 2 spell: Scorch
    27 | D        | Learned a level 3 spell: Inner Flame
    32 | D        | Learned a level 4 spell: Flame Wave
    35 | D        | Noticed a water moccasin
    38 | D        | Killed a water moccasin
    39 | D        | Reached skill level 5 in Spellcasting
    39 | D        | Reached skill level 5 in Conjurations
    39 | D        | Reached skill level 9 in Fire Magic
   142 | D        | Found a hazy altar of Hepliaklqana.
   142 | D        | Found a snail-covered altar of Cheibriados.
   143 | D        | Found a stormy altar of Qazlal.
   143 | D        | Found a viscous altar of Jiyva.
   143 | D        | Found a shadowy altar of Dithmenos.
   144 | D        | Found a sacrificial altar of Ru.
   144 | D        | Found an ancient bone altar of Kikubaaqudgha.
   144 | D        | Found a white marble altar of Elyvilon.
   145 | D        | Found an ornate altar of the Wu Jian Council.
   145 | D        | Found a shimmering blue altar of Sif Muna.
   145 | D        | Found a corrupted altar of Lugonu.
   145 | D        | Found a blossoming altar of Fedhas.
   146 | D        | Found a shimmering altar of Xom.
   146 | D        | Found a bloodstained altar of Trog.
   146 | D        | Found a burning altar of Makhleb.
   147 | D        | Found a glowing golden altar of the Shining One.
   147 | D        | Found a basalt altar of Yredelemnul.
   147 | D        | Found a hide-covered altar of Uskayaw.
   149 | D        | Found a glowing silver altar of Zin.
   149 | D        | Found a radiant altar of Vehumet.
   149 | D        | Found a sparkling altar of Nemelex Xobeh.
   150 | D        | Found an opulent altar of Gozag.
   150 | D        | Found an iron altar of Okawaru.
   153 | D        | Noticed a water moccasin
   154 | D        | Noticed a water moccasin
   155 | D        | Became a worshipper of Sif Muna the Loreminder
   171 | D        | Noticed a kraken
   193 | D        | Noticed a water moccasin
   326 | D        | Noticed a yaktaur
   326 | D        | Noticed a hornet
   326 | D        | Noticed a polar bear
   327 | D        | Noticed a polar bear
   333 | D        | Slain by a polar bear

Illustrated notes

Levels and vault maps discovered:
D:        the_violet_keep_of_menkaure [sprint2_stairs_cluster_1,
          sprint2_shoproom, sprint2_temple, sprint2_basic_supplies,
          sprint2_obstacle_3, sprint2_obstacle_1, sprint2_obstacle_4,
          sprint2_obstacle_5, sprint2_obstacle_6, sprint2_timed_cluster_1,
          sprint2_smallroom_cluster_1, sprint2_smallroom_final_cluster_1,
          sprint2_transparent_cluster_1, sprint2_second_timed_cluster_1,
          sprint2_sniper_area_1, sprint2_heavy_combat_area_1,
          sprint2_mutation_trap_area_1, sprint2_forest_area_1,
          sprint2_light_combat_area_1, sprint2_behind_water_1,
          sprint2_near_end_vault_1]

Skill      XL: |  1  2  3  4  5  6 |
---------------+-------------------+-----
Dodging        | 3 4 5 6 |  6.2
Stealth        | 3 4 5 |  5.6
Spellcasting   | 3 4 5 |  5.0
Conjurations   | 3 4 5 |  5.5
Fire Magic     | 5 6 8 9 |  9.3
Fighting       | |  0.2

Action                     |  1- 3 |  4- 6 || total
---------------------------+-------+-------++-------
  Melee: Unarmed           |     4 |     7 ||    11
         Tentacles         |     2 |     4 ||     6
         Constrict         |     2 |     2 ||     4
         Punch             |     1 |       ||     1
   Cast: Foxfire           |       |    10 ||    10
         Scorch            |       |     5 ||     5
         Inner Flame       |       |     3 ||     3
         Flame Wave        |       |     2 ||     2
    Use: Potion            |     2 |     2 ||     4
  Dodge: Dodged            |     2 |     9 ||    11

Table legend: (Time is in decaauts)
 A = Elapsed time spent in this place.
 B = Non-inter-level travel time spent in this place.
 C = Inter-level travel time spent in this place.
 D = Time resting spent in this place.
 E = Time spent auto-exploring this place.
 F = Levels seen in this place.
 G = Mean time per level.
                   A        B        C        D        E       F      G
               +--------+--------+--------+--------+--------+-----+--------+
         Total |    324 |    324 |      0 |    187 |      0 |   1 |  324.0 |
       Dungeon |    324 |    324 |      0 |    187 |      0 |   1 |  324.0 |
               +--------+--------+--------+--------+--------+-----+--------+

Top non-repeatable levels by time:
       D: 324 daAuts
